 Dungeon Crawl Stone Soup version 0.30-a0-722-g3e6e8c874d (webtiles) character file.

Game seed: 4489765822119931595

989 drugrobin the Martial Artist (level 7, -4/56 HPs)
             Began as a Demigod Delver on Jan 28, 2023.
             Splashed by a jelly's acid (7 damage)
             ... on level 6 of the Dungeon.
             The game lasted 00:12:29 (4807 turns).

drugrobin the Martial Artist (Demigod Delver)       Turns: 4807, Time: 00:12:29

Health: -4/56      AC: -7    Str: 17    XL:     7   Next: 65%
Magic:  9/9        EV:  7    Int: 12    God:
Gold:   335        SH:  5    Dex: 25    Spells: 5/6 levels left

rFire   . . .      SeeInvis .      - Unarmed
rCold   . . .      Faith    .    (no shield)
rNeg    . . .      Spirit   .    N - +0 chain mail
rPois   .          Reflect  +    (no helmet)
rElec   .          Harm     .    (no cloak)
rCorr   .          Rampage  .    k - +0 pair of gloves
Will    .....                    (no boots) Stlth
                                 q - amulet of reflection
HPRegen 0.29/turn                D - +6 ring of dexterity
MPRegen 0.11/turn                y - +4 ring of protection

@: corroded
A: high MP 1, forlorn, divine attributes
a: no special abilities


You were on level 6 of the Dungeon.
You visited 1 branch of the dungeon, and saw 6 of its levels.

You collected 335 gold pieces.

Inventory:

Hand Weapons
 b - a +0 sling
 c - a +2 dagger of venom
 o - the +5 short sword "Fesh" {freeze, *Noise Will+ Str+5 Int+3}
   (You found it on level 4 of the Dungeon)

   Str:       It affects your strength (+5).
   Int:       It affects your intelligence (+3).
   *Noise:    It may make noises in combat.
   Will:      It increases your willpower.
Missiles
 w - 6 poisoned darts (quivered)
 I - a javelin
Armour
 a - a +0 leather armour
 k - a +0 pair of gloves (worn)
 N - a +0 chain mail (worn)
Magical Staves
 C - a staff of poison
Jewellery
 l - a ring of wizardry
 q - an amulet of reflection (around neck)
 v - a ring of fire
 y - a +4 ring of protection (right hand)
 D - a +6 ring of dexterity (left hand)
Wands
 f - a wand of digging (3)
 g - a wand of roots (12)
 G - a wand of paralysis (8)
 J - a wand of mindburst (10)
Scrolls
 d - a scroll of fear
 h - a scroll of poison {unknown}
 i - 3 scrolls of magic mapping
 j - 3 scrolls of vulnerability {unknown}
 n - 4 scrolls of fog
 p - 3 scrolls of identify {unknown}
 s - a scroll of teleportation {unknown}
 t - 2 scrolls of noise {unknown}
 x - a scroll of enchant weapon {unknown}
 E - a scroll of silence {unknown}
 H - 2 scrolls of enchant armour {unknown}
 M - a scroll of amnesia {unknown}
Potions
 e - 7 potions of haste
 m - 3 potions of might {unknown}
 r - 2 potions of lignification {unknown}
 u - 3 potions of curing {unknown}
 z - 2 potions of flight {unknown}
 A - a potion of invisibility {unknown}
 B - a potion of magic {unknown}
 F - 3 potions of heal wounds {unknown}
 K - a potion of berserk rage {unknown}
 L - 2 potions of brilliance {unknown}


   Skills:
 - Level 2.6 Fighting
 - Level 1.7 Dodging
 - Level 4.5 Stealth
 * Level 8.3 Unarmed Combat
 + Level 1.9 Evocations


You had 5 spell levels left.
You knew the following spells:

 Your Spells              Type           Power      Damage    Failure   Level
a - Foxfire               Conj/Fire      0%         2x1d4     99%         1

Your spell library contained the following spells:

 Spells                   Type           Power      Damage    Failure   Level
 Static Discharge         Conj/Air       0%         2-2/arc   100%        2
 Vhi's Electric Charge    Tloc/Air       0%         N/A       100%        3
 Arcjolt                  Conj/Air       0%         1d10      100%        5
 Fireball                 Conj/Fire      0%         3d3       100%        5
 Lightning Bolt           Conj/Air       0%         1d11      100%        5
 Starburst                Conj/Fire      0%         6d3       100%        6


Dungeon Overview and Level Annotations

Branches:
Dungeon (6/15)             Temple (0/1) D:6

Annotations:
D:3 Grinder


Innate Abilities, Weirdness & Mutations

You have an increased reservoir of magic. (+10% MP)
You shall have no god before yourself.
Your divine heritage dramatically boosts your attributes as you level up.


Message History

The jelly is poisoned.
Unknown command.
Unknown command.
Throw: 8 darts (poison)
Press: ? - help, Q - select action, (/) - cycle Shift-Dir - straight line, f/p - jelly
Aim: a jelly (poisoned, 91% to hit)
You throw a poisoned dart. The poisoned dart hits the jelly.
Unknown command.
Unknown command.
Throw: 7 darts (poison)
Press: ? - help, Q - select action, (/) - cycle Shift-Dir - straight line, f/p - jelly
Aim: a jelly (lightly wounded, poisoned, 91% to hit)
You throw a poisoned dart.
The poisoned dart barely misses the jelly.
Unknown command.
You hit the jelly. The acid corrodes you!
Your hands burn!
The jelly is heavily wounded.
You hit the jelly but do no damage. The acid corrodes you!
Your hands burn!
The jelly is heavily wounded.
The jelly hits you.
You are splashed with acid!
You hit the jelly. The acid corrodes you!
Your hands burn!
You punch the jelly, but do no damage.
The jelly is heavily wounded.
The jelly hits you.
You are splashed with acid!
You hit the jelly but do no damage. The acid corrodes you!
Your hands burn!
The jelly is severely wounded.
The jelly looks more healthy.
The jelly barely misses you.
You hit the jelly but do no damage.
Your hands burn!
You punch the jelly, but do no damage.
The jelly is severely wounded.
The jelly jiggles.
The jelly hits you. The acid corrodes you!
You are splashed with acid!
* * * LOW HITPOINT WARNING * * *
You hit the jelly.
Your hands burn!
* * * LOW HITPOINT WARNING * * *
The jelly is almost dead.
The jelly hits you.
* * * LOW HITPOINT WARNING * * *
You are splashed with acid!
You die...

##### .......(. ....
+.... ....(...###....
##### ....(..........
.....(.........
......(........
#............ ########
#....J.# #... #.......
###....@.###... #.......
#.............. #.......
#..............##..[....
#......................#
#.......................
#.........##............
#...#.#...+.............
#..#.#.#..#####........#
#.#.#.#.#.....#........#


You could see a jelly.

Vanquished Creatures
  A water moccasin (D:6)
  A black bear (D:4)
  An orc warrior (D:6)
  2 phantoms
  A scorpion (D:5)
  A necrophage (D:4)
  A hound (D:5)
  A jelly (D:5)
  An iguana (D:5)
  4 orc wizards
  11 adders
  A white imp (D:5)
  An ufetubus (D:5)
  2 worms (D:2)
  4 dart slugs
  17 orcs
  6 endoplasms
  2 giant cockroaches (D:3)
  7 goblins
  9 hobgoblins
  2 jackals (D:1)
  7 kobolds
  6 quokkas
  10 ball pythons
  5 bats
  6 frilled lizards
  8 rats
118 creatures vanquished.

Vanquished Creatures (others)
  64 foxfires
  6 plants (D:2)
70 creatures vanquished.

Grand Total: 188 creatures vanquished

Notes
Turn   | Place    | Note
-------+----------+-------------------------------------------
     0 | D:5      | drugrobin the Demigod Delver began the quest for the Orb.
     0 | D:5      | Reached XP level 1. HP: 18/18 MP: 3/3
    49 | D:4      | Identified the +5 short sword "Fesh" {freeze, *Noise Will+
                  | Str+5 Int+3}
    91 | D:4      | Reached skill level 2 in Unarmed Combat
   238 | D:4      | Noticed a phantom
   270 | D:3      | Reached XP level 2. HP: 25/25 MP: 4/4
   420 | D:3      | Noticed Grinder
   422 | D:3      | Reached skill level 3 in Unarmed Combat
   426 | D:3      | Paralysed by Grinder for 3 turns
   661 | D:3      | Reached XP level 3. HP: 22/30 MP: 5/5
   728 | D:2      | Learned a level 1 spell: Foxfire
  1342 | D:1      | Reached skill level 4 in Unarmed Combat
  1827 | D:2      | Reached XP level 4. HP: 29/37 MP: 6/6
  2356 | D:2      | Reached skill level 5 in Unarmed Combat
  2356 | D:2      | Reached XP level 5. HP: 36/42 MP: 7/7
  3210 | D:4      | Noticed a black bear
  3236 | D:4      | Reached skill level 6 in Unarmed Combat
  3236 | D:4      | Reached XP level 6. HP: 28/50 MP: 8/8
  3661 | D:5      | Reached skill level 7 in Unarmed Combat
  3778 | D:5      | Reached XP level 7. HP: 36/56 MP: 9/9
  4307 | D:5      | Reached skill level 1 in Evocations
  4553 | D:6      | Reached skill level 8 in Unarmed Combat
  4782 | D:6      | Found a staircase to the Ecumenical Temple.
  4807 | D:6      | Splashed by a jelly's acid

Illustrated notes

Levels and vault maps discovered:
D:1:      spicycebolla_arrival_xxxplode, layout_basic
D:2:      kennysheep_six_static_rooms, layout_rooms,
          hellmonk_ecumenical_altar_zigzags, basic_altar,
          guppyfry_early_lair_pool
D:3:      layout_loops_cross, old_standard_altar, nicolae_overflow_squiral,
          minmay_misc_feat_chi, st_stairs_5, minmay_close_crescents,
          uniq_grinder
D:4:      layout_rooms
D:5:      layout_rooms
D:6:      layout_basic, nemelex_diamond_rough_becter, minmay_temple_entry_grid,
          uniq_sigmund

Skill      XL: |  1  2  3  4  5  6  7 |
---------------+----------------------+-----
Unarmed Combat | 2 3 4 5 6 7 8 |  8.3
Evocations     | 1 |  1.9
Fighting       | |  2.6
Dodging        | |  1.7
Stealth        | |  4.5

Action                     |  1- 3 |  4- 6 |  7- 9 || total
---------------------------+-------+-------+-------++-------
  Melee: Unarmed           |   140 |   182 |   107 ||   429
         Punch             |     2 |     7 |     6 ||    15
         Short sword       |       |     6 |       ||     6
         Dagger            |       |     6 |     3 ||     9
  Throw: Dart              |       |     1 |    10 ||    11
         Javelin           |       |       |     2 ||     2
   Cast: Foxfire           |    28 |    10 |     3 ||    41
   Stab: Sleeping          |     8 |     5 |       ||    13
         Distracted        |       |     1 |       ||     1
 Armour: Leather armour    |    32 |    73 |    21 ||   126
         Chain mail        |       |       |    12 ||    12
  Dodge: Dodged            |    80 |    93 |    31 ||   204
  Block: Other             |     9 |    38 |    23 ||    70
         Reflection        |     1 |       |     2 ||     3

Table legend: (Time is in decaauts)
 A = Elapsed time spent in this place.
 B = Non-inter-level travel time spent in this place.
 C = Inter-level travel time spent in this place.
 D = Time resting spent in this place.
 E = Time spent auto-exploring this place.
 F = Levels seen in this place.
 G = Mean time per level.
                   A        B        C        D        E       F      G
               +--------+--------+--------+--------+--------+-----+--------+
         Total |   4763 |   4573 |    190 |    408 |   2842 |   6 |  793.8 |
       Dungeon |   4763 |   4573 |    190 |    408 |   2842 |   6 |  793.8 |
               +--------+--------+--------+--------+--------+-----+--------+

Top non-repeatable levels by time:
     D:3: 1018 daAuts
     D:1: 942 daAuts
     D:4: 826 daAuts
     D:2: 809 daAuts
     D:5: 805 daAuts
     D:6: 362 daAuts
